Map: Prion Terraces

Players

Evil - Winner!

  • Race: Protoss Protoss

juhyg

  • Race: Zerg Zerg
  • League: Bronze

VOD

Have the link to the VOD?

Description

Time

  • Played on: Nov. 19, 2015, 8:23 p.m.
  • Length: 5:30
Show
View Real Time Build Order
Export as new Build Order

Evil Protoss - Winner!

Build Orders: Blink Stalkers 

Get SALT Encoding   

  12  0:01  Probe (Chrono Boost)  
  13  0:14  Pylon  
  13  0:18  Probe (Chrono Boost)  
  15  0:28  Probe (Chrono Boost)  
  15  0:33  Gateway  
  15  0:39  Probe (Chrono Boost)  
  16  0:45  Assimilator  
  16  0:49  Probe (Chrono Boost)  
  17  1:01  Probe (Chrono Boost)  
  18  1:11  Probe (Chrono Boost)  
  19  1:24  Probe (Chrono Boost)  
  20  1:27  Cybernetics Core  
  20  1:29  Gateway  
  20  1:36  Assimilator  
  20  1:39  Pylon  
  21  1:40  Probe (Chrono Boost)  
  21  1:50  Probe (Chrono Boost)  
  22  1:57  Pylon  
  22  2:03  Warp Gate (Chrono Boost)  
  22  2:07  Probe  
  23  2:17  Gateway  
  23  2:21  Pylon  
  23  2:24  Twilight Council  
  23  2:40  Forge  
  23  2:45  Gateway  
  23  3:09  Stalker  
  25  3:13  Protoss Ground Weapons Level 1  
  25  3:14  Blink (Chrono Boost)  
  25  3:55  Stalker x2  
  27  3:56  Stalker x2  
  27  4:02  Pylon  
  33  4:19  Stalker x3  
  39  4:28  Stalker  
  39  4:44  Stalker x2  
  35  5:05  Stalker x2  
Show
View Real Time Build Order
Export as new Build Order

juhyg Zerg 

Build Orders: Pool First 

Get SALT Encoding   

  12  0:08  Overlord  
  12  0:14  Drone  
  12  0:17  Drone  
  14  0:36  Spawning Pool  
  14  0:37  Drone  
  14  0:41  Drone  
  15  0:46  Drone  
  16  0:54  Drone  
  17  0:58  Extractor  
  16  1:24  Queen  
  18  1:31  Drone x3  
  21  1:43  Overlord  
  21  1:53  Overlord  
  21  2:15  Metabolic Boost  
  21  2:20  Drone, Roach Warren  
  21  2:26  Drone, Extractor  
  21  2:27  Drone  
  22  2:38  Drone  
  23  2:52  Drone  
  24  3:02  Lair  
  24  3:04  Roach x4  
  32  3:12  Roach  
  34  3:25  Hatchery  
  33  3:36  Roach x2  
  37  3:47  Overlord x2  
  37  3:48  Overlord  
  37  4:05  Queen  
  39  4:11  Roach  
  39  4:12  Roach x3  
  39  4:14  Roach  
  31  4:53  Roach x5  
  31  4:54  Roach x2  
Tags
 
Add a new tag
Caveats
  • Supply blocks, unpowered buildings, or Contaminate may cause inaccurate times.
  • Supply counts are checked every 10 seconds.